 Dungeon Crawl Stone Soup version 0.23-a0-350-g6fd5563 (console) character file.

20363 nht the Cleaver (level 12, -1/202 (204) HPs)
             Began as an Ogre Berserker on Oct 20, 2018.
             Was a High Priest of Trog.
             Slain by an 11-headed hydra (5 damage)
             ... on level 1 of the Lair of Beasts.
             The game lasted 00:23:03 (11501 turns).

nht the Cleaver (Ogre Berserker)                   Turns: 11501, Time: 00:23:04

HP:   -1/202 (204)  AC:  5    Str: 33    XL:     12   Next: 78%
MP:   21/21         EV: 10    Int: 16    God:    Trog [*****.]
Gold: 498           SH:  0    Dex:  6    Spells: 11/11 levels left

rFire    + + .     SeeInvis +   T - +14 obsidian axe {chop, +Fly SInv *Curse} (curse)
rCold    + . .     Gourm    .   (no shield)
rNeg     . . .     Faith    .   y - +2 robe {rF+}
rPois    +         Spirit   .   (helmet restricted)
rElec    .         Reflect  .   b - scarf {rC+ rF+}
rCorr    .         Harm     .   (gloves unavailable)
MR       +....                  (boots unavailable)
Stlth    ..........             B - amulet of the acrobat
HPRegen  0.43/turn              L - ring of Trepidation {+Fly rPois Int+8 Dex-2}
MPRegen  0.17/turn              O - ring of magical power

@: berserking (expiring), mesmerised, very quick
A: large, unfitting armour, tough skin 1
a: Berserk, Trog's Hand, Brothers in Arms, Renounce Religion, Evoke Flight


You were on level 1 of the Lair of Beasts.
You worshipped Trog.
Trog was extremely pleased with you.
You were not hungry.

You visited 2 branches of the dungeon, and saw 13 of its levels.
You also visited: Ossuary.

You collected 1259 gold pieces.
You spent 761 gold pieces at shops.

Inventory:

Hand Weapons
 a - a +0 hand axe
 s - the +8 hand axe "Dragon's Funeral" {flame, MP+9 Str+3 Int-4}
   (You took it off an orc on level 3 of the Dungeon)

   It has been specially enchanted to burn those struck by it, causing extra
   injury to most foes and up to half again as much damage against particularly
   susceptible opponents.
   Big, fiery blades are also staple armaments of hydra-hunters.
   It affects your strength (+3).
   It affects your intelligence (-4).
   It affects your magic capacity (+9).
 T - the cursed +14 obsidian axe (weapon) {chop, +Fly SInv *Curse}
   (Trog gifted it to you on level 12 of the Dungeon)

   It inflicts extra damage upon your enemies.
   It lets you see invisible.
   It lets you fly.
   It curses itself when equipped.
   It has a curse placed upon it.
Missiles
 e - 14 tomahawks
 u - 5 tomahawks of dispersal
 C - a throwing net
 E - 56 poisoned needles
 F - 5 javelins
 G - 5 large rocks (quivered)
 R - 10 needles of sleeping
Armour
 b - a scarf of resistance (worn)
 y - a +2 robe of fire resistance (worn)
 Q - +0 acid dragon scales
Jewellery
 B - an amulet of the acrobat (around neck)
 L - the ring of Trepidation (left hand) {+Fly rPois Int+8 Dex-2}
   (You found it on level 8 of the Dungeon)

   [ring of poison resistance]

   It affects your intelligence (+8).
   It affects your dexterity (-2).
   It protects you from poison.
   It lets you fly.
 O - a ring of magical power (right hand)
Wands
 p - a wand of flame (62)
 K - a wand of random effects (20)
Scrolls
 d - 11 scrolls of remove curse
 h - 7 scrolls of teleportation
 j - 3 scrolls of fog {unknown}
 l - a scroll of enchant weapon {unknown}
 m - 2 scrolls of noise {unknown}
 o - 3 scrolls of immolation {unknown}
 v - 6 scrolls of enchant armour
 x - 2 scrolls of random uselessness {unknown}
 D - 3 scrolls of fear
 H - 3 scrolls of magic mapping {unknown}
 I - 10 scrolls of identify
 J - 2 scrolls of torment {unknown}
 M - 2 scrolls of amnesia {unknown}
 S - 2 scrolls of summoning {unknown}
Potions
 f - 2 potions of resistance
 g - 4 potions of might
 i - 2 potions of heal wounds
 k - 7 potions of brilliance
 n - a potion of berserk rage
 q - 3 potions of flight
 r - 14 potions of curing
 t - 5 potions of haste
 w - 2 potions of invisibility
 z - 5 potions of mutation
 A - 6 potions of lignification
 N - a potion of agility
Comestibles
 c - 33 rations


   Skills:
 + Level 13.5 Fighting
 * Level 14.6 Axes
 + Level 9.2 Throwing
 + Level 3.7 Armour
 - Level 2.6 Dodging


You had 11 spell levels left.
You didn't know any spells.
Your spell library was empty.

Dungeon Overview and Level Annotations

Branches:
Dungeon (12/15)            Temple (0/1) D:7            Lair (1/6) D:10
    Orc (0/2) D:12

Altars:
Ashenzari
Cheibriados
Dithmenos
Gozag
Kikubaaqudgha
Makhleb
Nemelex Xobeh
Qazlal
Trog
Xom
Yredelemnul
Zin
Beogh

Shops:
D:6 *   D:9 !

Annotations:
D:2 1 runed door


Innate Abilities, Weirdness & Mutations

You are too large for most types of armour.
You have tough skin. (AC +1)


Message History

* * * LOW HITPOINT WARNING * * *
The ten-headed hydra barely misses you.
The ten-headed hydra completely misses you.
The ten-headed hydra bites you.
* * * LOW HITPOINT WARNING * * *
The ten-headed hydra bites you.
* * * LOW HITPOINT WARNING * * *
The ten-headed hydra bites you but does no damage. x2
You barely miss the ten-headed hydra.
The ten-headed hydra is heavily wounded.
You chop one of the ten-headed hydra's heads off!
The nine-headed hydra grows two more!
You slice the 11-headed hydra!!
The 11-headed hydra is almost dead.
The 11-headed hydra bites you!
* * * LOW HITPOINT WARNING * * *
The 11-headed hydra barely misses you. The 11-headed hydra bites you.
* * * LOW HITPOINT WARNING * * *
The 11-headed hydra bites you but does no damage.
The 11-headed hydra bites you.
You die...

█⌠.>......... ..
█....█......█ ...
█..........██ ....
█...█)......██..█
....█..........██
█...<........█.
███.....†.?.....
███......†††......
█..F...3..@D....?.
.......††3███.....
.......4...█ ....
............. ...
............... ..
......§........ .
...............
................


You could see a 11-headed hydra, a blink frog, 2 friendly soul eaters and a
friendly rust devil.

Vanquished Creatures
  Josephine (D:10)
  A hydra (D:9)
  Harold (D:7)
  3 two-headed ogres
  A tengu warrior (D:12)
  An ugly thing (D:8)
  A cyclops (D:12)
  A manticore (D:12)
  A komodo dragon (Lair:1)
  A gargoyle (D:12)
  A kobold demonologist (D:11)
  An efreet (D:12)
  A tengu conjurer (D:12)
  A troll (D:12)
  A polar bear (shapeshifter) (D:8)
  2 blink frogs (Lair:1)
  3 hippogriffs
  2 dream sheep (D:9)
  Sigmund (D:4)
  4 wraiths (D:10)
  5 yaks
  3 wyverns
  A vampire (D:10)
  2 hungry ghosts
  2 vampire mosquitoes (D:12)
  Menkaure (D:7)
  An acid dragon (D:12)
  3 water moccasins
  A porcupine (Lair:1)
  Duvessa (D:4)
  15 orc warriors
  2 black bears
  An ice beast (D:9)
  A phantom (D:8)
  A sky beast (D:5)
  9 ogres
  2 necrophages
  The ghost of George the Skirmisher, an amateur DsFi (D:3)
  2 centaurs
  4 big kobolds (D:9)
  7 bullfrogs
  A gnoll sergeant (D:6)
  A water moccasin zombie (D:8)
  A wyvern skeleton (D:8)
  2 jellies (D:12)
  3 scorpions
  Dowan (D:4)
  11 killer bees
  6 wights
  An electric eel (D:12)
  A bullfrog zombie (D:9)
  8 crimson imps
  2 bullfrog skeletons
  16 orc priests
  4 centaur skeletons
  6 hounds
  5 iguanas
  A human skeleton (D:2)
  9 orc wizards
  8 worker ants
  2 big kobold zombies (Ossuary)
  A hound zombie (D:8)
  2 hound skeletons
  8 mummies (Ossuary)
  2 worker ant zombies
  Robin (D:4)
  11 gnolls
  5 adders
  2 shadow imps
  An ooze (D:3)
  An adder zombie (D:6)
  An adder skeleton (D:8)
  3 dart slugs
  4 worms (D:2)
  6 leopard geckos
  63 orcs
  3 giant cockroaches
  22 goblins
  18 hobgoblins
  7 jackals
  4 quokkas
  4 ball pythons
  5 bats
  A frilled lizard (D:1)
  A goblin zombie (D:2)
  2 hobgoblin zombies (Ossuary)
  19 kobolds
  4 orc zombies (Ossuary)
  10 rats
  3 rat zombies (D:4)
397 creatures vanquished.

Vanquished Creatures (collateral kills)
  An elephant (D:10)
  A hornet (D:12)
  A yak (D:10)
  A basilisk (D:10)
  9 orc warriors (D:12)
  A crocodile (D:10)
  An orc priest (D:12)
  6 orcs (D:12)
21 creatures vanquished.

Grand Total: 418 creatures vanquished

Notes
Turn   | Place    | Note
-------+----------+-------------------------------------------
     0 | D:1      | nht the Ogre Berserker began the quest for the Orb.
     0 | D:1      | Reached XP level 1. HP: 24/24 MP: 1/1
    11 | D:1      | Noticed an ogre
   136 | D:1      | Reached XP level 2. HP: 32/32 MP: 2/2
   411 | D:1      | Reached skill level 4 in Axes
   421 | D:1      | Reached XP level 3. HP: 39/39 MP: 3/3
   717 | D:2      | Found a runed door.
   717 | D:2      | Noticed a human
   723 | D:2      | Found a basalt altar of Yredelemnul.
   741 | D:2      | Reached ** piety under Trog
   741 | D:2      | Reached XP level 4. HP: 32/48 MP: 4/4
   832 | D:2      | Reached skill level 5 in Axes
  1166 | D:2      | Found a burning altar of Makhleb.
  1180 | D:2      | Reached XP level 5. HP: 22/55 MP: 5/5
  1685 | D:3      | Found a runed gate.
  1685 | D:3      | Found a runed gate.
  1687 | D:3      | Noticed George's ghost (amateur DsFi)
  1691 | D:3      | Found a runed gate.
  1868 | D:3      | Found a roughly hewn altar of Beogh.
  2018 | D:3      | Killed George's ghost
  2018 | D:3      | Reached skill level 5 in Fighting
  2018 | D:3      | Reached skill level 6 in Axes
  2018 | D:3      | Reached XP level 6. HP: 64/66 MP: 6/6
  2035 | D:3      | Got a dazzling hand axe {flame}
  2036 | D:3      | Identified the +8 hand axe "Dragon's Funeral" {flame, MP+9
                  | Str+3 Int-4} (You took it off an orc on level 3 of the
                  | Dungeon)
  2080 | D:4      | Noticed Robin
  2084 | D:4      | Reached *** piety under Trog
  2090 | D:4      | Killed Robin
  2095 | D:4      | Reached XP level 7. HP: 74/74 MP: 7/7
  2119 | D:4      | Noticed Sigmund
  2200 | D:4      | Found a sand-covered staircase.
  2209 | Ossuary  | Entered an ossuary
  2224 | Ossuary  | Reached skill level 7 in Axes
  2570 | D:4      | Killed Sigmund
  2665 | D:4      | Found an ancient bone altar of Kikubaaqudgha.
  2702 | D:4      | Reached skill level 8 in Axes
  2708 | D:4      | Reached XP level 8. HP: 33/87 MP: 8/8
  2776 | D:4      | Reached **** piety under Trog
  2837 | D:4      | Noticed Duvessa
  2839 | D:4      | Noticed Dowan
  2844 | D:4      | Killed Dowan
  2847 | D:4      | Killed Duvessa
  2967 | D:4      | Found a shattered altar of Ashenzari.
  2967 | D:4      | Found a snail-covered altar of Cheibriados.
  3123 | D:5      | Entered Level 5 of the Dungeon
  3159 | D:5      | Reached skill level 9 in Axes
  3747 | D:5      | Found a shadowy altar of Dithmenos.
  3794 | D:5      | Reached ***** piety under Trog
  3896 | D:6      | Reached XP level 9. HP: 82/96 MP: 9/9
  3946 | D:6      | Reached skill level 10 in Axes
  4056 | D:6      | Reached skill level 1 in Throwing
  4222 | D:6      | Found Gewiqaid's Assorted Antiques.
  4258 | D:6      | Bought a scroll labeled SUGROPS WEMI for 27 gold pieces
  4258 | D:6      | Bought a scroll labeled UFUDDUQOGH for 27 gold pieces
  4258 | D:6      | Bought a scroll labeled YNADAF EFUGA for 27 gold pieces
  4639 | D:6      | Found a stormy altar of Qazlal.
  4896 | D:7      | Noticed Menkaure
  4902 | D:7      | Killed Menkaure
  5104 | D:7      | Found a staircase to the Ecumenical Temple.
  5238 | D:7      | Noticed Harold
  5246 | D:7      | Killed Harold
  5246 | D:7      | Reached skill level 10 in Fighting
  5246 | D:7      | Reached skill level 11 in Axes
  5246 | D:7      | Reached XP level 10. HP: 109/109 MP: 10/10
  5786 | D:7      | Found a sparkling altar of Nemelex Xobeh.
  5787 | D:7      | Found an opulent altar of Gozag.
  6334 | D:8      | Found a transporter.
  6335 | D:8      | Noticed a brown ugly thing
  6337 | D:8      | Found a bloodstained altar of Trog.
  6339 | D:8      | Found a glowing silver altar of Zin.
  6340 | D:8      | Found a transporter.
  6359 | D:8      | Killed a brown ugly thing
  6359 | D:8      | Reached skill level 12 in Axes
  6403 | D:8      | Received a gift from Trog
  6403 | D:8      | Reached skill level 5 in Throwing
  6526 | D:8      | Got a wavering tin ring
  6718 | D:8      | Identified the ring of Trepidation {+Fly rPois Int+8 Dex-2}
                  | (You found it on level 8 of the Dungeon)
  6720 | D:8      | Noticed a two-headed ogre
  6729 | D:8      | Killed a two-headed ogre
  6910 | D:8      | Reached XP level 11. HP: 94/119 MP: 11/11
  7322 | D:9      | Noticed a two-headed ogre
  7327 | D:9      | Killed a two-headed ogre
  7327 | D:9      | Reached skill level 13 in Axes
  7580 | D:9      | Found Wouj's Distillery.
  7588 | D:9      | Bought a potion of curing for 51 gold pieces
  7588 | D:9      | Bought a potion of might for 68 gold pieces
  7588 | D:9      | Bought 2 potions of haste for 340 gold pieces
  7588 | D:9      | Bought a potion of curing for 51 gold pieces
  7588 | D:9      | Bought a potion of lignification for 51 gold pieces
  7588 | D:9      | Bought a potion of might for 68 gold pieces
  7588 | D:9      | Bought a potion of curing for 51 gold pieces
  7770 | D:9      | Noticed a three-headed hydra
  7776 | D:9      | Killed a one-headed hydra
  7873 | D:10     | Entered Level 10 of the Dungeon
  7874 | D:10     | Noticed Josephine
  7881 | D:10     | Killed Josephine
  7963 | D:10     | Received a gift from Trog
  8164 | D:10     | Found a staircase to the Lair.
  8723 | D:10     | You fall through a shaft for 2 floors!
  8738 | D:12     | Noticed a cyclops
  8742 | D:12     | Killed a cyclops
  8742 | D:12     | Reached skill level 14 in Axes
  8802 | D:12     | Noticed a tengu warrior
  8809 | D:12     | Killed a tengu warrior
  8809 | D:12     | Reached XP level 12. HP: 78/135 MP: 12/12
  8872 | D:12     | Found a roughly hewn altar of Beogh.
  8891 | D:12     | Reached skill level 1 in Armour
  8916 | D:12     | Received a gift from Trog
  9055 | D:12     | Found a shimmering altar of Xom.
  9589 | D:12     | Received a gift from Trog
  9590 | D:12     | Found the +14 obsidian axe {chop, +Fly SInv *Curse}
 10578 | D:12     | Found a staircase to the Orcish Mines.
 10752 | D:11     | Found a stormy altar of Qazlal.
 10765 | D:11     | Noticed a two-headed ogre
 10769 | D:11     | Killed a two-headed ogre
 11473 | Lair:1   | Entered Level 1 of the Lair of Beasts
 11485 | Lair:1   | Noticed an eight-headed hydra
 11501 | Lair:1   | HP: 7/202 [11-headed hydra (13)]
 11501 | Lair:1   | Slain by an 11-headed hydra

Vault maps used:
D:1:      evilmike_arrival_come_back
D:2:      makhleb_grotto_becter, minmay_splitting_lines, dk_yredelemnul_ordeal
D:3:      biasface_ghost_orc_armoury, small_statue_intersection, grunt_decor_cap
D:4:      lemuel_zombie_altar_kikubaaqudgha, gammafunk_temple_overflow_pools,
          first_ration, lightli_ossuary_entry_decrepit_ruins,
          minmay_misc_feat_enclosed, uniq_sigmund, uniq_duvessa, uniq_robin
D:5:      corexii_shantytown, nicolae_dithmenos_the_darkroom
D:6:      marbit_many_paths, serial_shops, shop, nrook_campfire
D:7:      grunt_temple_overflow_opulence, minmay_temple_entry_grid, uniq_harold,
          uniq_menkaure
D:8:      gammafunk_temple_overflow_arena
D:9:      serial_shops, shop_statue, hangedman_ranch
D:10:     david_lair_generic, uniq_josephine
D:11:     nicolae_qazlal_general_emergency
D:12:     erik_orc_2, basic_altar, kb_tengu_band
Lair:1:   st_stairs_12, minivault_11, chequers_serial_rivers_room_b,
          grunt_megastairs_5, uniq_urug
Ossuary:  ossuary_tomb_3

Skill      XL: |  1  2  3  4  5  6  7  8  9 10 11 12 |
---------------+-------------------------------------+-----
Axes           | 4 5 6 8 9 11 12 14 | 14.6
Fighting       | 5 7 8 10 11 13 | 13.5
Throwing       | 3 5 7 9 |  9.2
Armour         | 3 |  3.7
Dodging        | |  2.6

Action                   |  1- 3 |  4- 6 |  7- 9 | 10-12 || total
-------------------------+-------+-------+-------+-------++-------
Melee: Hand axe          |    94 |   178 |   224 |   382 ||   878
       Broad axe         |       |       |       |    97 ||    97
Throw: Tomahawk          |       |       |       |    20 ||    20
       Large rock        |       |       |       |     6 ||     6
       Javelin           |       |       |       |     5 ||     5
Invok: Berserk           |     1 |     2 |     5 |     9 ||    17
       Trog's Hand       |       |       |     2 |     4 ||     6
       Brothers in Arms  |       |       |       |     2 ||     2
Evoke: Wand              |       |       |    10 |    30 ||    40
  Use: Scroll            |       |     6 |     6 |     6 ||    18
       Potion            |       |       |     1 |       ||     1
 Stab: Distracted        |       |       |       |     1 ||     1
  Eat: Chunk             |     1 |     5 |    16 |    23 ||    45
       Ration            |       |       |       |     4 ||     4
Armor: Animal skin       |    43 |    41 |    10 |       ||    94
       Robe              |       |       |    13 |    65 ||    78
Dodge: Dodged            |    50 |    84 |    97 |   202 ||   433

Table legend:
 A = Non-vault XP
 B = Vault XP
 C = Vault XP percentage of total XP
 D = Non-vault monster count
 E = Vault monster count
 F = Vault count percentage of total count
                 A         B        C        D         E       F
            +---------+---------+-------+---------+---------+-------
      Total |   18173 |   10917 |  37.5 |     277 |     141 |  33.7
            +---------+---------+-------+---------+---------+-------
        D:1 |      45 |       0 |   0.0 |      25 |       0 |   0.0
        D:2 |      61 |      84 |  57.9 |      16 |       3 |  15.8
        D:3 |      62 |     139 |  69.2 |      23 |       9 |  28.1
        D:4 |     651 |     462 |  41.5 |      21 |      17 |  44.7
        D:5 |     480 |      87 |  15.3 |      13 |      24 |  64.9
        D:6 |     583 |      39 |   6.3 |      20 |       1 |   4.8
        D:7 |    1122 |    1150 |  50.6 |      19 |       2 |   9.5
        D:8 |    3207 |     994 |  23.7 |      36 |       5 |  12.2
        D:9 |    2824 |    2192 |  43.7 |      42 |       8 |  16.0
       D:10 |     353 |    2484 |  87.6 |       6 |       9 |  60.0
       D:11 |    2555 |       0 |   0.0 |      18 |       0 |   0.0
       D:12 |    4790 |    3083 |  39.2 |      30 |      47 |  61.0
     Lair:1 |    1440 |       0 |   0.0 |       8 |       0 |   0.0
    Ossuary |       0 |     203 | 100.0 |       0 |      16 | 100.0
            +---------+---------+-------+---------+---------+-------
